 Dungeon Crawl Stone Soup version 0.31-a0-152-g6aa68a64a1 (webtiles) character file.

Game seed: 17474621037517303800

70 qw the Shooter (level 4, 0/38 HPs)
             Began as a Minotaur Hunter on June 9, 2023.
             Frozen to death by an endoplasm (5 damage)
             ... on level 2 of the Dungeon.
             The game lasted 00:00:37 (1275 turns).

qw the Shooter (Minotaur Hunter)                    Turns: 1275, Time: 00:00:37

Health: 0/38       AC:  6    Str: 16    XL:     4   Next: 3%
Magic:  3/3        EV: 12    Int:  6    God:
Gold:   33         SH:  0    Dex: 15    Spells: 3/3 levels left

rFire   . . .        Y - +0 shortbow
rCold   . . .        (shield currently unavailable)
rNeg    . . .        c - +0 leather armour
rPois   .            (helmet restricted)
rElec   .            a - +2 cloak
rCorr   .            (no gloves)
SInv    .            (no boots)
Will    .....        (no amulet)
Stlth   +            (no ring)
HPRegen 0.26/turn    (no ring)
MPRegen 0.08/turn

%: no passive effects
@: about to teleport
A: horns 2, retaliatory headbutt
a: no special abilities


You were on level 2 of the Dungeon.
You visited 1 branch of the dungeon, and saw 3 of its levels.

You collected 33 gold pieces.


Innate Abilities, Weirdness & Mutations

You have a pair of horns on your head.
You reflexively headbutt those who attack you in melee.


   Skills:
 - Level 3.0 Fighting
 + Level 5.9 Ranged Weapons
 - Level 2.1 Dodging
 - Level 0.7 Stealth


You had 3 spell levels left.
You didn't know any spells.
Your spell library was empty.

Inventory:

Hand Weapons
 Y - a +0 shortbow (weapon)
Armour
 a - a +2 cloak (worn)
 c - a +0 leather armour (worn)
Potions
 b - a potion of mutation {unknown}
 e - a potion of berserk rage {unknown}

Dungeon Overview and Level Annotations

Branches:
Dungeon (3/15)

Altars:


Message History

The arrow barely misses the giant cockroach.
The bat hits you but does no damage. The giant cockroach bites you.
The endoplasm hits you.
The endoplasm hits you but does no damage.
The frilled lizard closely misses you.
You shoot an arrow.
The arrow hits the giant cockroach but does no damage.
The giant cockroach bites you. The bat hits you but does no damage.
The endoplasm freezes you.
You are frozen.
The endoplasm freezes you.
You are frozen.
The frilled lizard closely misses you.
The giant cockroach bites you but does no damage.
You shoot an arrow. The arrow hits the giant cockroach!
You kill the giant cockroach!
The bat barely misses you. The bat misses you. You furiously retaliate!
You headbutt the bat!
You kill the bat!
The frilled lizard barely misses you. You furiously retaliate!
You headbutt the frilled lizard!
You kill the frilled lizard!
The endoplasm barely misses you. The endoplasm misses you.
You have reached level 4!
You feel stronger.
You shoot an arrow. The arrow hits the endoplasm.
The endoplasm is lightly wounded.
The endoplasm freezes you.
You are frozen.
The endoplasm closely misses you.
1274 ||| READING scroll of teleportation.
As you read the scroll of teleportation, it crumbles to dust.
You feel strangely unstable. The endoplasm freezes you.
You are frozen.
The endoplasm hits you but does no damage.
You shoot an arrow.
The arrow hits the endoplasm but does no damage.
The endoplasm is lightly wounded.
The endoplasm hits you but does no damage.
The endoplasm freezes you.
You are frozen.
You die...

####### ## #####.....#
#. #.........# #.
##......)..# #.
#.........#########.
#......##.#......##.
#.........%......##.
#.JJ######.......##.
####.%@...#.........###
#....##...#.##......###
#.......###.........#..
##.....%.....#.#######..
#......#.###.#.#######..
#......#.....#.#.....#..
#....#########.+.....#..
#....#.......#.#.....#..
#....#.#####.#%#........


You could see 2 endoplasms.

Vanquished Creatures
  An adder (D:2)
  A dart slug (D:2)
  6 endoplasms
  A giant cockroach (D:2)
  4 goblins
  8 hobgoblins
  13 jackals
  4 kobolds
  A quokka (D:2)
  2 ball pythons (D:1)
  4 bats
  3 frilled lizards
  2 rats
50 creatures vanquished.

Notes
Turn   | Place    | Note
-------+----------+-------------------------------------------
     0 | D:1      | qw the Minotaur Hunter began the quest for the Orb.
     0 | D:1      | Reached XP level 1. HP: 18/18 MP: 0/0
     0 | D:1      | 0 ||| qw: Version: 0.2-a-121-gba3a3e5
     0 | D:1      | 0 ||| qw: Game counter: 3175
     0 | D:1      | 0 ||| qw: Always use a shield: true
     0 | D:1      | 0 ||| qw: God list: Okawaru
     0 | D:1      | 0 ||| qw: Allow faded altars: false
     0 | D:1      | 0 ||| qw: Do Orc after D:15 true
     0 | D:1      | 0 ||| qw: Do second Lair branch before Depths: true
     0 | D:1      | 0 ||| qw: Lair rune preference: random
     0 | D:1      | 0 ||| qw: Plans: Normal
     0 | D:1      | 0 ||| PLANNING D:1-11
   298 | D:1      | Reached XP level 2. HP: 25/25 MP: 1/1
   347 | D:1      | Reached skill level 5 in Ranged Weapons
   568 | D:1      | 568 ||| READING scroll labelled MET MOURROU.
   569 | D:1      | 569 ||| READING scroll labelled CYSIHE TONGUKH.
   570 | D:1      | 570 ||| READING scroll labelled UNKUOGGUITH.
   571 | D:1      | 571 ||| DROPPING scroll of butterflies.
   685 | D:2      | Reached skill level 3 in Fighting
   751 | D:2      | Reached XP level 3. HP: 31/31 MP: 2/2
  1195 | D:2      | 1195 ||| UPGRADING to +2 cloak.
  1200 | D:2      | 1200 ||| READING 2 scrolls labelled UZOOJ CYKITYE.
  1204 | D:2      | 1204 ||| READING scroll labelled ZIUSTR AHOZARY.
  1205 | D:2      | 1205 ||| READING scroll labelled USSUTHRE FUHUE.
  1229 | D:3      | 1229 ||| STAIRDANCE
  1268 | D:3      | 1268 ||| STAIRDANCE
  1273 | D:2      | Reached XP level 4. HP: 11/38 MP: 3/3
  1273 | D:2      | HP: 9/38 [frozen (2)]
  1274 | D:2      | 1274 ||| READING scroll of teleportation.
  1274 | D:2      | HP: 4/38 [frozen (5)]
  1275 | D:2      | Frozen to death by an endoplasm

Levels and vault maps discovered:
D:1:      kennysheep_arrival_seaside, layout_rooms
D:2:      layout_basic
D:3:      layout_basic, marbit_many_paths, uniq_terence

Skill      XL: |  1  2 |
---------------+-------+-----
Ranged Weapons | 5 |  5.9
Fighting       | 3 |  3.0
Dodging        | |  2.1
Stealth        | |  0.7

Action                     |  1- 3 |  4- 6 || total
---------------------------+-------+-------++-------
   Fire: Shortbow          |   143 |     2 ||   145
    Use: Scroll            |     6 |     1 ||     7
 Armour: Leather armour    |    28 |     2 ||    30
  Dodge: Dodged            |    48 |     1 ||    49

Table legend:
 A = Non-vault XP
 B = Vault XP
 C = Vault XP percentage of total XP
 D = Non-vault monster count
 E = Vault monster count
 F = Vault count percentage of total count
                 A         B        C        D         E       F
            +---------+---------+-------+---------+---------+-------
      Total |     100 |       0 |   0.0 |      50 |       0 |   0.0
            +---------+---------+-------+---------+---------+-------
        D:1 |      24 |       0 |   0.0 |      15 |       0 |   0.0
        D:2 |      74 |       0 |   0.0 |      34 |       0 |   0.0
        D:3 |       2 |       0 |   0.0 |       1 |       0 |   0.0
            +---------+---------+-------+---------+---------+-------
